 Dungeon Crawl Stone Soup version 0.31.0-9-g3a7656b989 (webtiles) character file.

Game seed: 4417002779153003850

2 Gottschkopf the Conjurer (level 1, -2/10 HPs)
             Began as a Deep Elf Conjurer on Feb 4, 2024.
             Slain by a quokka (4 damage)
             ... on level 1 of the Dungeon.
             The game lasted 00:00:16 (238 turns).

Gottschkopf the Conjurer (Deep Elf Conjurer)         Turns: 238, Time: 00:00:17

Health: -2/10      AC:  2    Str:  4    XL:     1   Next: 33%
Magic:  2/6        EV: 12    Int: 22    God:
Gold:   16         SH:  0    Dex: 13    Spells: 5/6 levels left

rFire   . . .        e - +0 dagger
rCold   . . .        (no shield)
rNeg    . . .        a - +0 robe
rPois   .            (no helmet)
rElec   .            (no cloak)
rCorr   .            (no gloves)
SInv    .            (no boots)
Will    .....        (no amulet)
Stlth   ++           (no ring)
HPRegen 0.21/turn    (no ring)
MPRegen 0.10/turn

%: no passive effects
@: very slightly contaminated
A: no striking features
a: no special abilities


You were on level 1 of the Dungeon.
You visited 1 branch of the dungeon, and saw 1 of its levels.

You collected 16 gold pieces.

Inventory:

Hand Weapons
 e - a +0 dagger (weapon)
Armour
 a - a +0 robe (worn)
Scrolls
 d - a scroll of identify {unknown}
Potions
 b - a potion of magic
 c - 2 potions of mutation {unknown}


   Skills:
 - Level 2.4 Dodging
 - Level 2.4 Stealth
 - Level 3.0 Spellcasting
 + Level 4.5 Conjurations


You had 5 spell levels left.
You knew the following spells:

 Your Spells              Type           Power      Damage    Failure   Level
a - Magic Dart            Conj           92%        1d7       1%          1

Your spell library contained the following spells:

 Spells                   Type           Power      Damage    Failure   Level
 Searing Ray              Conj           46%        2d6       3%          2
 Fulminant Prism          Conj/Alch      6%         3d7       43%         4
 Iskenderun's Mystic Bla  Conj/Tloc      13%        2d5       43%         4


Dungeon Overview and Level Annotations

Branches:
Dungeon (1/15)

Altars:


Message History

Casting: Magic Dart (safe; 1% risk of failure)
Confirm with . or Enter, or press ? or * to list all spells.
The magic dart hits the bat.
The bat is moderately wounded.
The bat closely misses you. The bat hits you but does no damage.
Casting: Magic Dart (safe; 1% risk of failure)
Confirm with . or Enter, or press ? or * to list all spells.
The magic dart hits the bat.
The bat is severely wounded.
The bat closely misses you. The bat hits you but does no damage.
A bat is nearby!
Casting: Magic Dart (safe; 1% risk of failure)
Confirm with . or Enter, or press ? or * to list all spells.
The magic dart hits the bat.
You kill the bat!
No target in view!
Found a spear.
No target in view!
You now have 16 gold pieces (gained 7).
A quokka and a gnoll come into view.
Casting: Magic Dart (safe; 1% risk of failure)
Confirm with . or Enter, or press ? or * to list all spells.
The magic dart hits the quokka but does no damage.
Casting: Magic Dart (safe; 1% risk of failure)
Confirm with . or Enter, or press ? or * to list all spells.
The magic dart hits the quokka but does no damage.
Casting: Magic Dart (safe; 1% risk of failure)
Confirm with . or Enter, or press ? or * to list all spells.
You miscast Magic Dart.
You are very lightly contaminated with residual magic.
Nothing appears to happen.
The quokka bites you.
Casting: Magic Dart (safe; 1% risk of failure)
Confirm with . or Enter, or press ? or * to list all spells.
The magic dart hits the quokka.
The quokka is almost dead.
The quokka bites you.
Ouch! That really hurt!
* * * LOW HITPOINT WARNING * * *
The quokka bites you.
You die...

.######..##...⌠.........⌠...##..#
.# ##..'....(.⌠...⌠.......#..# .#
#####(..............###... .#
####.........#### #..# .#
########### #).# .# #... .# #..#
.# ########## #..# .# #.@......#
#..# .# #r######.# #..# .# ...
#.# #..# .##### ..... #.# #..#
.....# ....... #.# #... ####.#
....... #.# #.## .# ......g
#.#######.#. .# .......
#.........## .# ###########


You could see a gnoll (asleep) and a quokka.

Vanquished Creatures
  A bat (D:1)
  A goblin (D:1)
2 creatures vanquished.

Notes
Turn   | Place    | Note
-------+----------+-------------------------------------------
     0 | D:1      | Gottschkopf the Deep Elf Conjurer began the quest for the
                  | Orb.
     0 | D:1      | Reached XP level 1. HP: 10/10 MP: 6/6
   238 | D:1      | Slain by a quokka

Illustrated notes

Levels and vault maps discovered:
D:1:      dpeg_arrival_stone_temple_mockup, layout_basic,
          chequers_ecumenical_altar_grove, lexackson_kobold_supper

Action                     || total
---------------------------++-------
   Cast: Magic Dart        ||     8
 Armour: Robe              ||     5
  Dodge: Dodged            ||     2
